AoeStats
← mservett

Arena

507181940Analyzed
4v4 RM · 16d ago on Sep 17, 2026· 23m 33s· 8 players
Game mode
Random Map
Map size
Large (8 player)
Population
200
Speed
Normal
Resources
Standard
Victory
Conquest
Starting age
Dark Age
Ending age
Imperial Age
RankedLock teamsTeams togetherTeam positionsShared explorationLock speedFull tech treeHidden civsTurbo modeCheats
Victory
Defeat
🇦🇷 Maya · Argentina
1072
+16
🇨🇱 Spanish · Chile
1057
+16
🇨🇱 Celts · Chile
1041
+17
🇨🇦 Japanese · Canada
1011
+18
🇺🇸 Khmer · United States
1114
-19
🇬🇧 Spanish · United Kingdom
1059
-17
🇺🇸 Koreans · United States
1052
-16
🇺🇸 Georgians · United States
1021
-15
jean-danie1
4:17 Loom
12:04 Feudal Age
12:48 Double-Bit Axe
12:57 Man-at-Arms
15:16 Scale Mail Armor
17:37 Wheelbarrow
20:31 Castle Age
18:42 Horse Collar
19:38 Forging
19:35 Scale Barding Armor
19:26 Fletching
19:38 Gold Mining
19:39 Stone Mining
21:45 Bow Saw
22:31 Pikeman
23:11 Squires
wtfckkk
5:11 Loom
11:19 Feudal Age
11:48 Feudal Age
13:23 Double-Bit Axe
17:37 Castle Age
17:46 Pikeman
Nahat
0:27 Loom
10:26 Feudal Age
15:16 Fletching
19:20 Padded Archer Armor
19:28 Horse Collar
19:37 Double-Bit Axe
25:59 Castle Age
COFFY
0:35 Loom
5:16 Loom
12:16 Feudal Age
16:37 Castle Age
15:13 Stone Mining
15:12 Double-Bit Axe
15:13 Horse Collar
18:47 Stone Shaft Mining
Big Dan
7:18 Loom
9:32 Feudal Age
14:30 Fletching
BLOO
8:35 Loom
10:22 Feudal Age
11:08 Double-Bit Axe
11:39 Horse Collar
17:15 Loom
21:12 Castle Age
19:44 Bloodlines
21:00 Scale Barding Armor
21:38 Wheelbarrow
22:33 Forging
22:48 Light Cavalry
✪ ahahaha
1:35 Loom
9:35 Feudal Age
13:12 Double-Bit Axe
13:19 Gold Mining
13:40 Horse Collar
17:02 Castle Age
18:37 Scale Barding Armor
19:12 Husbandry
mservett
11:37 Feudal Age
16:02 Castle Age
14:21 Double-Bit Axe
14:18 Horse Collar
15:07 Stone Mining
16:32 Loom
17:27 Wheelbarrow
Connection lost

Rejoining the realm…

Still unreachable

The connection could not be restored.

Session expired

The server has moved on; the page needs a fresh start.